 Dungeon Crawl Stone Soup version 0.29-a0-270-g1586fc07ea (webtiles) character file.

Game seed: 6304872195647280689

81 Ajdolov the Chopper (level 4, -3/41 HPs)
             Began as a Hill Orc Fighter on Mar 7, 2022.
             Slain by a gnoll
             ... wielding a +0 halberd
              (8 damage)
             ... on level 3 of the Dungeon.
             The game lasted 00:02:00 (1907 turns).

Ajdolov the Chopper (Hill Orc Fighter)              Turns: 1907, Time: 00:02:00

Health: -3/41      AC:  9    Str: 20    XL:     4   Next: 40%
Magic:  4/4        EV:  7    Int:  8    God:
Gold:   44         SH:  4    Dex: 10    Spells: 3/3 levels left

rFire   . . .      SeeInvis .   a - +0 war axe
rCold   . . .      Faith    .   c - +0 buckler
rNeg    . . .      Spirit   .   o - +0 chain mail
rPois   .          Reflect  .   (no helmet)
rElec   .          Harm     .   (no cloak)
rCorr   .          Rampage  .   (no gloves)
Will    .....                   (no boots)
Stlth   ..........              (no amulet)
HPRegen 0.13/turn               (no ring)
MPRegen 0.09/turn               (no ring)

@: no status effects
A: no striking features
a: no special abilities


You were on level 3 of the Dungeon.
You visited 1 branch of the dungeon, and saw 3 of its levels.

You collected 44 gold pieces.

Inventory:

Hand Weapons
 a - a +0 war axe (weapon)
Armour
 c - a +0 buckler (worn)
 o - a +0 chain mail (worn)
 p - a +0 kite shield
Wands
 r - a wand of paralysis (6)
Scrolls
 e - 3 scrolls of identify {unknown}
 g - a scroll of noise {unknown}
 i - 2 scrolls of teleportation {unknown}
 j - 3 scrolls of fog {unknown}
 k - a scroll of torment {unknown}
 l - a scroll of blinking {unknown}
 n - a scroll of enchant armour {unknown}
 q - a scroll of immolation {unknown}
Potions
 b - a potion of heal wounds {unknown}
 d - a potion of might
 f - a potion of mutation {unknown}
 h - a potion of attraction {unknown}
 m - 2 potions of curing {unknown}


   Skills:
 + Level 4.5 Fighting
 * Level 5.2 Axes
 - Level 3.2 Armour
 - Level 3.2 Shields


You had 3 spell levels left.
You didn't know any spells.
Your spell library was empty.

Dungeon Overview and Level Annotations

Branches:
Dungeon (3/15)

Altars:
Yredelemnul

Shops:
D:3 =


Message History

The gnoll shouts!
The gnoll throws a throwing net.
You block the throwing net.
You see here a throwing net.
You barely miss the gnoll. The gnoll hits you with a +0 halberd.
You slash the gnoll!
The gnoll is severely wounded.
You slash the gnoll! The gnoll barely misses you. x2
You slash the gnoll!
You kill the gnoll!
You hit the gnoll. The gnoll hits you but does no damage.
You block the gnoll's attack. The gnoll barely misses you. x2
Your Axes skill increases to level 5!
You closely miss the gnoll.
The gnoll is severely wounded.
The gnoll closely misses you. The gnoll barely misses you.
You slash the gnoll!
You kill the gnoll!
The gnoll barely misses you.
Unknown command.
The gnoll barely misses you.
Things that are here:
a +0 club; a throwing net You closely miss the gnoll.
The gnoll hits you with a +0 halberd!
You closely miss the gnoll. You block the gnoll's attack.
You closely miss the gnoll. The gnoll closely misses you.
The gnoll hits you with a +0 halberd!
You closely miss the gnoll. You block the gnoll's attack.
You barely miss the gnoll. The gnoll hits you with a +0 halberd.
You closely miss the gnoll. The gnoll barely misses you.
You barely miss the gnoll. The gnoll closely misses you.
The gnoll hits you but does no damage.
You hit the gnoll but do no damage. You block the gnoll's attack.
You hit the gnoll but do no damage. The gnoll hits you with a +0 halberd!
* * * LOW HITPOINT WARNING * * *
You barely miss the gnoll. You block the gnoll's attack.
The gnoll barely misses you. The gnoll attacks as you move away!
The gnoll hits you with a +0 halberd.
* * * LOW HITPOINT WARNING * * *
The gnoll hits you from afar with a +0 halberd!
You die...

#. #. #.. #. ....
#######. ...^
.........# #..#
....:....###...#
...........g..# ....
.........#)# #...
.!......#@)# #...
....)...#.## #.#.
#......## #.#.
####....### #.#.
##...##....## ###.#.
#..#.#####..#### #..∩.<
##.......##....###.....
#.#####.....#.........
#.# ##......###.....


You could see a gnoll.

Vanquished Creatures
  2 gnolls (D:3)
  2 adders (D:2)
  2 dart slugs (D:1)
  5 bats
  5 endoplasms
  A giant cockroach (D:2)
  3 goblins
  5 hobgoblins
  4 jackals (D:2)
  2 quokkas
  A frilled lizard (D:2)
  3 kobolds
  2 rats (D:1)
37 creatures vanquished.

Vanquished Creatures (others)
  A plant (D:1)
1 creature vanquished.

Grand Total: 38 creatures vanquished

Notes
Turn   | Place    | Note
-------+----------+-------------------------------------------
     0 | D:1      | Ajdolov the Hill Orc Fighter began the quest for the Orb.
     0 | D:1      | Reached XP level 1. HP: 19/19 MP: 1/1
   141 | D:1      | Found a faded altar of an unknown god.
   173 | D:1      | Reached skill level 3 in Axes
   443 | D:1      | Reached XP level 2. HP: 20/27 MP: 2/2
   802 | D:2      | Found a basalt altar of Yredelemnul.
   860 | D:2      | Reached skill level 4 in Axes
   956 | D:2      | Reached XP level 3. HP: 33/33 MP: 3/3
  1786 | D:2      | Reached XP level 4. HP: 41/41 MP: 4/4
  1809 | D:3      | Found Buler's Jewellery Shop.
  1894 | D:3      | Reached skill level 5 in Axes
  1907 | D:3      | Slain by a gnoll

Illustrated notes

Levels and vault maps discovered:
D:1:      sevenhm_arrival_forest_fort_small_5, layout_basic,
          basic_ecumenical_altar, serial_bayou_pond_d
D:2:      minmay_evil_eye, layout_loops_ring, basic_altar,
          kennysheep_generic_room_15
D:3:      layout_rooms, serial_shops, shop

Skill      XL: |  1  2  3  4 |
---------------+-------------+-----
Axes           | 3 4 5 |  5.2
Fighting       | 4 |  4.5
Armour         | |  3.2
Shields        | |  3.2

Action                   |  1- 3 |  4- 6 || total
-------------------------+-------+-------++-------
Melee: War axe           |    94 |    26 ||   120
Armor: Scale mail        |    33 |       ||    33
       Chain mail        |    26 |     8 ||    34
Dodge: Dodged            |    54 |    13 ||    67
Block: Buckler           |    16 |    10 ||    26

Table legend: (Time is in decaauts)
 A = Elapsed time spent in this place.
 B = Non-inter-level travel time spent in this place.
 C = Inter-level travel time spent in this place.
 D = Time resting spent in this place.
 E = Time spent auto-exploring this place.
 F = Levels seen in this place.
 G = Mean time per level.
                   A        B        C        D        E       F      G
               +--------+--------+--------+--------+--------+-----+--------+
         Total |   1957 |   1868 |     89 |      0 |   1552 |   3 |  652.3 |
       Dungeon |   1957 |   1868 |     89 |      0 |   1552 |   3 |  652.3 |
               +--------+--------+--------+--------+--------+-----+--------+

Top non-repeatable levels by time:
     D:2: 1040 daAuts
     D:1: 812 daAuts
     D:3: 104 daAuts
